 Dungeon Sprint DCSS version 0.31-a0-18-gea43df2a32 (webtiles) character file.

Game seed: 8656037144524902711

4295 sircluck the Brawler (level 10, 0/166 HPs)
             Began as a Troll Berserker on May 10, 2023.
             Was a High Priest of Trog.
             Engulfed by a cloud of freezing vapour (14 damage)
             ... in the Dungeon (Sprint II: "The Violet Keep of Menkaure").
             The game lasted 00:05:06 (632 turns).

sircluck the Brawler (Troll Berserker)               Turns: 632, Time: 00:05:07

Health: 0/166      AC:  4    Str: 34    XL:     10   Next: 11%
Magic:  9/9        EV: 11    Int:  3    God:    Trog [*****.]
Gold:   123        SH:  8    Dex:  9    Spells: 9/9 levels left

rFire   + +          .
                       - Unarmed
rCold   . . .        i - +1 kite shield of Shadows and Fog {rF++ Str+3 Stlth-}
rNeg    . . .        a - +0 animal skin
rPois   .            (helmet restricted)
rElec   .            (no cloak)
rCorr   .            (gloves unavailable)
SInv    .            (boots unavailable)
Will    .....        (no amulet) Stlth
                     (no ring)
HPRegen 1.27/turn    (no ring)
MPRegen 0.11/turn

%: no teleportation
@: berserking, very quick
A: large, unfitting armour, claws 3, regeneration 1, shaggy fur 1, tough skin 1
a: Renounce Religion, Berserk, Trog's Hand, Brothers in Arms


You were in the Dungeon.
You worshipped Trog.
Trog was extremely pleased with you.
You visited 1 branch You collected 984 gold pieces.
You spent 861 gold pieces at shops.

Inventory:

Armour
 a - a +0 animal skin (worn)
 i - the +1 kite shield of Shadows and Fog (worn) {rF++ Str+3 Stlth-}
   (You bought it in a shop in the Dungeon)

   Str:       It affects your strength (+3).
   rF:        It greatly protects you from fire.
   Stlth:     It makes you less stealthy.
Scrolls
 g - a scroll of blinking
 h - a scroll of acquirement
Potions
 d - a potion of haste
 e - 2 potions of magic
 f - a potion of berserk rage


   Skills:
 + Level 10.6 Fighting
 + Level 10.7 Dodging
 + Level 2.1 Shields
 + Level 16.5 Unarmed Combat


You had 9 spell levels left.
You didn't know any spells.
Your spell library was empty.

Dungeon Overview and Level Annotations

Branches:
Dungeon (1/1)

Altars:
Okawaru
Vehumet

Shops:
D [:[!(??:?[(:!==

Annotations:
D exclusions: ice statue and oklob plant


Innate Abilities, Weirdness & Mutations

You are too large for most types of armour.
You have claws for hands.
Your natural rate of healing is unusually fast.
You are covered in fur. (AC +1)
You have tough skin. (AC +1)


Message History

The soul eater disappears in a puff of smoke!
Your Shields skill increases to level 2!
Unknown command.
Unknown command.
Unknown command.
You start resting.
You feel a strong urge to attack something.
You start resting.
You are no longer berserk.
You are exhausted.
You feel yourself slow down.
You start resting.
You feel yourself speed up.
You start resting.
You recover from your berserk rage.
You start resting.
HP restored.
You see here a +4 giant spiked club of flaming.
There is an open door, spattered with blood here.
You enter the shallow water.
Really walk into a travel-excluded area?
You are engulfed in freezing vapours.
The ice statue glitters chillingly in the dim dungeon light.
The ice statue gestures at you. The bolt of cold hits you!!
The ice statue gestures.
There is a broken gate here.
You are engulfed in freezing vapours.
The ice statue gestures.
You are engulfed in freezing vapours.
* * * LOW HITPOINT WARNING * * *
A red film seems to cover your vision as you go berserk!
You feel yourself moving faster!
You feel mighty!
You are engulfed in freezing vapours.
* * * LOW HITPOINT WARNING * * *
You block the ice beast's attack.
You mangle the ice statue!!
The ice statue is moderately damaged.
You are engulfed in freezing vapours.
You die...

####+#### ##.○°○○°.##
##.°.Y°○○..## #
+...○Y8○○○°.#
..####..○@..○.°#
...~##..○°°°○##
###########~~#'''#'''##
##########~~~°..÷.....#
#∩.∩.....#~~~°.##)##..#
#.∩.∩....#~~~~##K#†##.####
#..∩.∩...#~~~~#c.##.#....#
#...∩.∩..#~~####.c#####..##
#....∩.⌠.#~##.###'###.##..#


You could see an ice statue and 2 ice beasts.

Vanquished Creatures
  A yaktaur captain (D)
  A centaur warrior (D)
  A skeletal warrior (D)
  An elephant (D)
  A kobold demonologist (D)
  A blink frog (D)
  3 yaks (D)
  2 wyverns (D)
  Menkaure (D)
  A water moccasin (D)
  4 necrophages (D)
  4 scorpions (D)
  3 worms (D)
24 creatures vanquished.

Vanquished Creatures (collateral kills)
  Kirke (D)
1 creature vanquished.

Grand Total: 25 creatures vanquished

Notes
Turn   | Place    | Note
-------+----------+-------------------------------------------
     0 | D        | sircluck the Troll Berserker began the quest for the Orb.
     0 | D        | Reached XP level 1. HP: 22/22 MP: 0/0
     1 | D        | Noticed a necrophage
     1 | D        | Noticed a necrophage
     1 | D        | Noticed a necrophage
     1 | D        | Noticed a necrophage
     6 | D        | Killed a necrophage
     7 | D        | Reached skill level 5 in Unarmed Combat
     7 | D        | Reached XP level 2. HP: 33/33 MP: 1/1
     7 | D        | Reached XP level 3. HP: 40/40 MP: 2/2
    12 | D        | Killed a necrophage
    13 | D        | Reached skill level 5 in Fighting
    13 | D        | Reached skill level 5 in Dodging
    13 | D        | Reached skill level 6 in Unarmed Combat
    13 | D        | Reached XP level 4. HP: 50/50 MP: 3/3
    14 | D        | Killed a necrophage
    14 | D        | Reached ** piety under Trog
    15 | D        | Reached skill level 7 in Unarmed Combat
    15 | D        | Reached XP level 5. HP: 59/59 MP: 4/4
    18 | D        | Reached skill level 8 in Unarmed Combat
    69 | D        | Reached XP level 6. HP: 43/68 MP: 5/5
    74 | D        | Reached skill level 9 in Unarmed Combat
    81 | D        | Reached *** piety under Trog
   154 | D        | Noticed a wyvern
   154 | D        | Noticed a wyvern
   158 | D        | Killed a wyvern
   158 | D        | Reached **** piety under Trog
   159 | D        | Reached skill level 10 in Unarmed Combat
   159 | D        | Reached XP level 7. HP: 79/79 MP: 6/6
   161 | D        | Killed a wyvern
   162 | D        | Reached skill level 11 in Unarmed Combat
   220 | D        | Found an iron altar of Okawaru.
   220 | D        | Found a radiant altar of Vehumet.
   232 | D        | Noticed Menkaure
   234 | D        | Noticed an ice statue
   238 | D        | Killed Menkaure
   244 | D        | Found Beeppehu's Jewellery Boutique.
   247 | D        | Found Dattoerust's Book Shop.
   247 | D        | Found Xekkaeg's Distillery.
   247 | D        | Found Usolosur's Jewellery Shop.
   248 | D        | Found Baledd's Magic Scroll Shop.
   248 | D        | Found Fena's Book Boutique.
   248 | D        | Found Dizib's Antique Armour Boutique.
   248 | D        | Found Ipleodd's Antique Weapon Shop.
   249 | D        | Found Onyskal's Magic Scroll Boutique.
   249 | D        | Found Urchuilaps's Weapon Shop.
   249 | D        | Found Upsu's Magic Scroll Boutique.
   261 | D        | Found Koelyfad's Distillery.
   261 | D        | Found Piuho's Antique Armour Shop.
   261 | D        | Noticed a death yak
   261 | D        | Noticed an oklob plant
   262 | D        | Found Pacei's Book Shoppe.
   262 | D        | Found Wiatwuf's Antique Armour Boutique.
   263 | D        | Noticed a redback
   264 | D        | Noticed a redback
   266 | D        | Noticed a cane toad
   266 | D        | Noticed a cane toad
   296 | D        | Bought a scroll of acquirement for 624 gold pieces
   312 | D        | Noticed a blink frog
   326 | D        | Killed a blink frog
   327 | D        | Reached skill level 12 in Unarmed Combat
   327 | D        | Reached XP level 8. HP: 89/89 MP: 7/7
   338 | D        | Bought a jewelled kite shield for 237 gold pieces
   338 | D        | Identified the +1 kite shield of Shadows and Fog {rF++
                  | Str+3 Stlth-} (You bought it in a shop in the Dungeon)
   385 | D        | Noticed Kirke
   385 | D        | Noticed a yaktaur captain
   385 | D        | Noticed a skeletal warrior
   385 | D        | Noticed a kobold demonologist
   396 | D        | Reached ***** piety under Trog
   408 | D        | Killed Kirke
   409 | D        | Reached skill level 14 in Unarmed Combat
   409 | D        | Reached XP level 9. HP: 55/100 MP: 8/8
   420 | D        | Killed a skeletal warrior
   421 | D        | Reached skill level 10 in Fighting
   421 | D        | Reached skill level 10 in Dodging
   424 | D        | Killed a yaktaur captain
   425 | D        | Reached skill level 15 in Unarmed Combat
   429 | D        | Noticed a centaur warrior
   432 | D        | Noticed an elephant
   450 | D        | Killed an elephant
   451 | D        | Reached skill level 1 in Shields
   528 | D        | HP: 1/102 [centaur warrior (7)]
   529 | D        | Noticed a soul eater
   531 | D        | Killed a centaur warrior
   531 | D        | Received a gift from Trog
   532 | D        | Reached skill level 16 in Unarmed Combat
   532 | D        | Reached XP level 10. HP: 7/111 MP: 9/9
   632 | D        | Engulfed by a cloud of freezing vapour

Illustrated notes

Levels and vault maps discovered:
D:        the_violet_keep_of_menkaure [sprint2_stairs_cluster_1,
          sprint2_shoproom, sprint2_temple, sprint2_basic_supplies,
          sprint2_obstacle_5, sprint2_obstacle_4, sprint2_obstacle_2,
          sprint2_obstacle_3, sprint2_obstacle_7, sprint2_timed_cluster_1,
          sprint2_smallroom_cluster_1, sprint2_smallroom_final_cluster_1,
          sprint2_transparent_cluster_1, sprint2_second_timed_cluster_1,
          sprint2_sniper_area_1, sprint2_heavy_combat_area_1,
          sprint2_mutation_trap_area_1, sprint2_forest_area_1,
          sprint2_light_combat_area_1, sprint2_behind_water_1,
          sprint2_near_end_vault_1]

Skill      XL: |  1  2  3  4  5  6  7  8  9 10 |
---------------+-------------------------------+-----
Fighting       | 4 5 6 7 8 9 10 | 10.6
Dodging        | 4 5 6 7 8 9 10 | 10.7
Unarmed Combat | 5 6 7 8 10 12 14 16 | 16.5
Shields        | 1 2 |  2.1

Action                     |  1- 3 |  4- 6 |  7- 9 | 10-12 || total
---------------------------+-------+-------+-------+-------++-------
  Melee: Unarmed           |     9 |    33 |    53 |     7 ||   102
 Invoke: Berserk           |     1 |     1 |     2 |     1 ||     5
         Brothers in Arms  |       |       |     1 |       ||     1
    Use: Potion            |       |       |     2 |       ||     2
 Armour: Animal skin       |     1 |     4 |     4 |       ||     9
  Dodge: Dodged            |       |    14 |    12 |     3 ||    29
  Block: Kite shield       |       |       |    19 |     1 ||    20

Table legend: (Time is in decaauts)
 A = Elapsed time spent in this place.
 B = Non-inter-level travel time spent in this place.
 C = Inter-level travel time spent in this place.
 D = Time resting spent in this place.
 E = Time spent auto-exploring this place.
 F = Levels seen in this place.
 G = Mean time per level.
                   A        B        C        D        E       F      G
               +--------+--------+--------+--------+--------+-----+--------+
         Total |    650 |    607 |     43 |    306 |     55 |   1 |  650.0 |
       Dungeon |    650 |    607 |     43 |    306 |     55 |   1 |  650.0 |
               +--------+--------+--------+--------+--------+-----+--------+

Top non-repeatable levels by time:
       D: 650 daAuts
